 Dungeon Crawl Stone Soup version 0.29-a0-321-gf1c400731a (console) character file.

Game seed: 3083297371670655187

2 Ignak the Magician (level 1, 10/13 HPs)
             Began as a Gnoll Hedge Wizard on Apr 4, 2022.
             Was a Follower of the Shining One.
             Quit the game on level 1 of the Dungeon.
             The game lasted 00:00:14 (57 turns).

Ignak the Magician (Gnoll Hedge Wizard)               Turns: 57, Time: 00:00:15

Health: 10/13      AC:  2    Str:  9    XL:     1   Next: 30%
Magic:  8/8        EV: 13    Int: 13    God:    the Shining One [*.....]
Gold:   11         SH:  0    Dex: 11    Spells: 13/14 levels left

rFire   . . .      SeeInvis .   a - +0 dagger
rCold   . . .      Faith    .   (no shield)
rNeg    . . .      Spirit   .   b - +0 robe
rPois   .          Reflect  .   c - +0 hat
rElec   .          Harm     .   (no cloak)
rCorr   .          Rampage  .   (no gloves)
Will    .....                   (no boots)
Stlth   +.........              (no amulet)
HPRegen 0.04/turn               (no ring)
MPRegen 0.11/turn               (no ring)

@: glowing
A: fangs 1, strong nose, distributed training
a: Renounce Religion, Divine Shield


You were on level 1 of the Dungeon.
You worshipped the Shining One.
The Shining One was aware of your devotion.
You visited 1 branch of the dungeon, and saw 1 of its levels.

You collected 11 gold pieces.

Inventory:

Hand Weapons
 a - a +0 dagger (weapon)
Armour
 b - a +0 robe (worn)
 c - a +0 hat (worn)
Potions
 d - a potion of magic
 e - 2 potions of curing {unknown}


   Skills:
 + Level 0.0 Fighting
 + Level 0.0 Short Blades
 + Level 0.0 Long Blades
 + Level 0.0 Axes
 + Level 0.0 Maces & Flails
 + Level 0.0 Polearms
 + Level 0.0 Staves
 + Level 0.0 Slings
 + Level 0.0 Bows
 + Level 0.0 Crossbows
 + Level 0.0 Throwing
 + Level 0.0 Armour
 + Level 4.4 Dodging
 + Level 4.0 Stealth
 + Level 0.0 Shields
 + Level 0.0 Unarmed Combat
 + Level 7.0 Spellcasting
 + Level 1.9 Conjurations
 + Level 0.0 Hexes
 + Level 1.9 Summonings
 + Level 0.0 Necromancy
 + Level 1.9 Translocations
 + Level 0.0 Transmutations
 + Level 0.0 Fire Magic
 + Level 0.0 Ice Magic
 + Level 0.0 Air Magic
 + Level 0.0 Earth Magic
 + Level 0.0 Poison Magic
 + Level 0.1 Invocations
 + Level 0.0 Evocations


You had 13 spell levels left.
You knew the following spells:

 Your Spells              Type           Power      Damage    Failure   Level
a - Magic Dart            Conj           36%        1d4       7%          1

Your spell library contained the following spells:

 Spells                   Type           Power      Damage    Failure   Level
 Blink                    Tloc           18%        N/A       11%         2
 Call Imp                 Summ           9%         N/A       11%         2
 Slow                     Hex            16%        N/A       16%         1
 Conjure Flame            Conj/Fire      7%         6-21      30%         3
 Mephitic Cloud           Conj/Pois/Air  6%         N/A       34%         3


Dungeon Overview and Level Annotations

Branches:
Dungeon (1/15)

Altars:
The Shining One


Innate Abilities, Weirdness & Mutations

You have very sharp teeth.
Your uncanny sense of smell can sniff out nearby items.
Your experience applies equally to all skills.


Message History

Press ? for a list of commands and other information.
Found a staircase leading out of the dungeon.
e - 2 purple potions
Found an escape hatch in the floor.
You now have 11 gold pieces.
A kobold comes into view. It is wielding a +0 dagger.
Found a stone staircase leading down.
The helpless kobold fails to defend itself.
You puncture the kobold!
You kill the kobold!
You see here a +0 dagger.
A goblin comes into view. It is wielding a +0 dagger.
There is a stone staircase leading down here.
Found a faded altar of an unknown god.
The goblin shouts!
The goblin hits you with a +0 dagger.
You barely miss the goblin. The goblin misses you.
You hit the goblin. You bite the goblin.
The goblin is severely wounded.
The goblin closely misses you.
You closely miss the goblin.
The goblin is severely wounded.
The goblin hits you with a +0 dagger.
You hit the goblin but do no damage.
The goblin is severely wounded.
The goblin hits you but does no damage.
You hit the goblin.
You kill the goblin!
Things that are here:
a +0 dagger; a goblin corpse
There is a faded altar of an unknown god here.
There is a faded altar of an unknown god here.
You cannot tell which god this altar belongs to.
Convert to them anyway?
Okay, then.
You cannot tell which god this altar belongs to.
Convert to them anyway?
The Shining One accepts your prayer! The Shining One welcomes you!
You and your allies can now gain power from killing the unholy and evil.
You can now call upon the Shining One for a divine shield.
Are you sure you want to abandon this character and quit the game? (Confirm with "yes".)

# .## ..# #.#
#.# ∆ #.# #@#
#.# #.#
##.########
#..##.....#
#).##.###.###
#..##.#.....
##.##.#.#.#
#.>......##


There were no monsters in sight!

Vanquished Creatures
  A kobold (D:1)
  A goblin (D:1)
2 creatures vanquished.

Notes
Turn   | Place    | Note
-------+----------+-------------------------------------------
     0 | D:1      | Ignak the Gnoll Hedge Wizard began the quest for the Orb.
     0 | D:1      | Reached XP level 1. HP: 13/13 MP: 8/8
    37 | D:1      | Found a faded altar of an unknown god.
    56 | D:1      | Prayed at the altar of an unknown god.
    56 | D:1      | Became a worshipper of the Shining One
    56 | D:1      | Reached * piety under the Shining One
    57 | D:1      | Quit the game

Illustrated notes

Levels and vault maps discovered:
D:1:      minmay_arrival_jagged, layout_basic, ebering_ecumenical_altar_hall,
          minmay_misc_feat_more_columns, minmay_misc_feat_tiny,
          minmay_close_crescents

Action                   || total
-------------------------++-------
Melee: Dagger            ||     6
       Bite              ||     1
 Stab: Sleeping          ||     1
Armor: Robe              ||     1
Dodge: Dodged            ||     2

Table legend: (Time is in decaauts)
 A = Elapsed time spent in this place.
 B = Non-inter-level travel time spent in this place.
 C = Inter-level travel time spent in this place.
 D = Time resting spent in this place.
 E = Time spent auto-exploring this place.
 F = Levels seen in this place.
 G = Mean time per level.
                   A        B        C        D        E       F      G
               +--------+--------+--------+--------+--------+-----+--------+
         Total |     57 |     57 |      0 |      0 |     30 |   1 |   57.0 |
       Dungeon |     57 |     57 |      0 |      0 |     30 |   1 |   57.0 |
               +--------+--------+--------+--------+--------+-----+--------+

Top non-repeatable levels by time:
     D:1: 57 daAuts
